 Dungeon Crawl Stone Soup version 0.25-a0-566-g062765be81 (webtiles) character file.

Game seed: 10409318517895337201, levelgen mode: deterministic

84 Flugslaktarn the Covered (level 4, -3/42 HPs)
             Began as a Deep Dwarf Fighter on Feb 28, 2020.
             Succumbed to Sigmund's poison
             ... on level 3 of the Dungeon.
             The game lasted 00:00:36 (424 turns).

Flugslaktarn the Covered (Deep Dwarf Fighter)        Turns: 424, Time: 00:00:37

Health: -3/42      AC:  8    Str: 20    XL:     4   Next: 24%
Magic:  2/2        EV:  7    Int:  9    God:
Gold:   46         SH:  9    Dex: 12    Spells: 3/3 levels left

rFire    . . .     SeeInvis .   a - +0 war axe
rCold    . . .     Gourm    .   c - +0 kite shield
rNeg     . . .     Faith    .   b - +0 scale mail
rPois    .         Spirit   .   i - +0 helmet
rElec    .         Reflect  .   (no cloak)
rCorr    .         Harm     .   (no gloves)
MR       .....                  (no boots)
Stlth    ..........             (no amulet)
HPRegen  0.00/turn              (no ring)
MPRegen  0.08/turn              (no ring)

@: mighty, lethally poisoned (-3 -> -56), non-regenerating
A: damage resistance, heal wounds, sense surroundings 1, no regeneration
a: Heal Wounds


You were on level 3 of the Dungeon.
You were not hungry.

You visited 1 branch of the dungeon, and saw 3 of its levels.

You collected 46 gold pieces.

Inventory:

Hand Weapons
 a - a +0 war axe (weapon)
Armour
 b - a +0 scale mail (worn)
 c - a +0 kite shield (worn)
 i - a +0 helmet (worn)
   (You took it off Robin on level 2 of the Dungeon)
Scrolls
 f - a scroll of fog {unknown}
 h - a scroll of enchant weapon {unknown}
 j - 3 scrolls of identify {unknown}
 k - a scroll of remove curse {unknown}
Comestibles
 e - 4 rations
 g - 4 chunks of flesh


   Skills:
 + Level 3.1 Fighting
 * Level 3.6 Axes
 + Level 3.9 Armour
 + Level 3.8 Shields


You had 3 spell levels left.
You didn't know any spells.
Your spell library was empty.

Dungeon Overview and Level Annotations

Branches:
Dungeon (3/15)

Altars:
Hepliaklqana
Trog

Annotations:
D:3 Grinder, Sigmund


Innate Abilities, Weirdness & Mutations

You are resistant to damage.
You can heal yourself by infusing magical energy.
You passively map a small area around you.
You do not regenerate.


Message History

You closely miss the adder.
You feel very sick. The adder closely misses you.
The adder bites you but does no damage. Something hits you!
You are more poisoned.
You are too injured to fight recklessly!
You are too injured to fight recklessly!
You closely miss the adder.
The adder is severely wounded.
* * * LOW HITPOINT WARNING * * *
You feel very sick. The adder bites you.
You are more poisoned.
The adder poisons you! You block the adder's attack. Something hits you!
* * * LOW HITPOINT WARNING * * *
You are more poisoned.
Grinder blinks!
You hit the adder.
You kill the adder!
You die...

* , *,, ... . * ,
. # #.#* .# * ,
#$#. #.###.# , *
#...###.#...#* *
#.........# * ,
*#.......(# * ,
#........# *
**,,#...#@†# * ,
#.#...†#)######
#.......{†....#,
,
##....<.........
,
......5..........
,
##...............
#.....?.........
#...............
*
#...............


You could see Grinder.

Vanquished Creatures
  Robin (D:2)
  3 adders
  A dart slug (D:1)
  2 leopard geckos (D:2)
  3 giant cockroaches (D:2)
  11 goblins
  6 hobgoblins
  3 jackals (D:3)
  A bat (D:1)
  4 frilled lizards
  4 kobolds
  A rat (D:2)
40 creatures vanquished.

Notes
Turn   | Place    | Note
-------+----------+-------------------------------------------
     0 | D:1      | Flugslaktarn the Deep Dwarf Fighter began the quest for the
                  | Orb.
     0 | D:1      | Reached XP level 1. HP: 20/20 MP: 1/1
    81 | D:2      | Reached XP level 2. HP: 18/27 MP: 2/2
   162 | D:2      | Noticed Robin
   179 | D:2      | Reached XP level 3. HP: 25/33 MP: 3/3
   182 | D:2      | Killed Robin
   221 | D:2      | Found a bloodstained altar of Trog.
   224 | D:2      | Found a hazy altar of Hepliaklqana.
   347 | D:2      | Reached XP level 4. HP: 33/42 MP: 3/3
   398 | D:3      | Noticed Sigmund
   398 | D:3      | Noticed Grinder
   404 | D:3      | Paralysed by Grinder for 2 turns
   424 | D:3      | Succumbed to Sigmund's poison

Levels and vault maps discovered:
D:1:      dpeg_arrival_tiny_f, layout_rooms, minmay_misc_feat_cross,
          due_unseen_surprise
D:2:      layout_basic, okawaru_gym_becter, bloody_trog, lemuel_crystal_altar,
          first_ration, uniq_robin
D:3:      layout_rooms, patterned_corridor, uniq_sigmund, uniq_grinder

Skill      XL: |  1  2  3 |
---------------+----------+-----
Axes           | 3 |  3.6
Fighting       | 3 |  3.1
Armour         | |  3.9
Shields        | |  3.8

Action                   |  1- 3 |  4- 6 || total
-------------------------+-------+-------++-------
Melee: War axe           |    80 |    15 ||    95
 Abil: Heal Wounds       |     2 |     4 ||     6
  Use: Potion            |       |     1 ||     1
Armor: Scale mail        |    46 |    32 ||    78
Dodge: Dodged            |    44 |    18 ||    62
Block: Kite shield       |    50 |    25 ||    75

Table legend:
 A = Non-vault XP
 B = Vault XP
 C = Vault XP percentage of total XP
 D = Non-vault monster count
 E = Vault monster count
 F = Vault count percentage of total count
                 A         B        C        D         E       F
            +---------+---------+-------+---------+---------+-------
      Total |      84 |      37 |  30.6 |      28 |      12 |  30.0
            +---------+---------+-------+---------+---------+-------
        D:1 |      10 |       0 |   0.0 |       5 |       0 |   0.0
        D:2 |      50 |      37 |  42.5 |      16 |      12 |  42.9
        D:3 |      24 |       0 |   0.0 |       7 |       0 |   0.0
            +---------+---------+-------+---------+---------+-------
